 Dungeon Crawl Stone Soup version 0.30-a0-939-gc8157cb160 (webtiles) character file.

Game seed: 3378931259518910565

66938 HoaS the Marksant (level 15, -6/152 HPs)
             Began as a Formicid Hunter on Mar 25, 2023.
             Was the Champion of Elyvilon.
             Mangled by a shock serpent (14 damage)
             ... on level 1 of the Snake Pit.
             The game lasted 00:50:49 (23185 turns).

HoaS the Marksant (Formicid Hunter)                Turns: 23185, Time: 00:50:50

Health: -6/152     AC: 16    Str: 15    XL:     15   Next: 64%
Magic:  28/28      EV: 18    Int: 11    God:    Elyvilon [******]
Gold:   3258       SH: 15    Dex: 29    Spells: 14/14 levels left

rFire   . . .      SeeInvis +    p - +2 arbalest
rCold   . . .      Faith    .    r - +0 tower shield
rNeg    . . .      Spirit   .    F - +0 steam dragon scales
rPois   .          Reflect  .    (helmet unavailable)
rElec   .          Rampage  .    n - +1 cloak
rCorr   .                        H - +2 pair of gloves
Will    +....                    m - +0 pair of boots
Stlth   +++                      v - amulet of regeneration
HPRegen 1.25/turn                x - +6 ring of dexterity
MPRegen 0.21/turn                a - +4 ring of protection

@: lethally poisoned (-6 -> -6), divinely vigorous, constricted, invisible
A: permanent stasis, dig shafts and tunnels, antennae 3, four strong arms
a: Dig, Shaft Self, Renounce Religion, Purification, Heal Other, Heal Self,
Divine Vigour


You were on level 1 of the Snake Pit.
You worshipped Elyvilon.
Elyvilon was exalted by your worship.
You visited 4 branches of the dungeon, and saw 20 of its levels.

You collected 3498 gold pieces.
You spent 240 gold pieces at shops.

Inventory:

Hand Weapons
 p - a +2 arbalest (weapon)
Missiles
 y - 4 throwing nets
Armour
 m - a +0 pair of boots (worn)
 n - a +1 cloak (worn)
 r - a +0 tower shield (worn)
 F - +0 steam dragon scales (worn)
 H - a +2 pair of gloves (worn)
Jewellery
 a - a +4 ring of protection (right hand)
 i - a ring of willpower
 v - an amulet of regeneration (around neck)
 x - a +6 ring of dexterity (left hand)
 z - a ring of willpower
 B - a ring of flight
 E - a ring of fire
 G - a ring of resist corrosion
 I - a ring of fire
Wands
 g - a wand of charming (9)
 t - a wand of light (8)
 u - a wand of flame (52)
 w - a wand of roots (21)
Scrolls
 b - 2 scrolls of immolation
 e - 4 scrolls of identify
 h - 4 scrolls of fog
 s - 4 scrolls of magic mapping
 D - 5 scrolls of fear
Potions
 c - 2 potions of heal wounds
 d - 2 potions of lignification
 f - 6 potions of mutation
 j - 4 potions of ambrosia
 k - a potion of resistance
 l - 4 potions of curing
 o - a potion of cancellation
 q - 4 potions of flight
 A - 2 potions of attraction


   Skills:
 + Level 12.7 Fighting
 - Level 18.0 Ranged Weapons
 - Level 5.0 Armour
 * Level 11.7 Dodging
 - Level 1.2 Stealth
 * Level 0.8 Shields
 + Level 11.5 Invocations


You had 14 spell levels left.
You didn't know any spells.
Your spell library contained the following spells:

 Spells                   Type           Power      Damage    Failure   Level
 Beastly Appendage        Tmut           0%         N/A       97%         1
 Kiss of Death            Conj/Necr      0%         2d5       97%         1
 Sting                    Tmut/Pois      0%         1d3       97%         1
 Cigotuvi's Dreadful Rot  Necr/Pois/Air  0%         N/A       99%         2
 Lesser Beckoning         Tloc           0%         N/A       99%         2
 Poisonous Vapours        Pois/Air       0%         N/A       99%         2
 Frozen Ramparts          Ice            0%         1d1       100%        3
 Gell's Gravitas          Tloc           0%         N/A       100%        3
 Ignite Poison            Fire/Tmut/Pois 0%         N/A       100%        3
 Ozocubu's Armour         Ice            0%         N/A       100%        3
 Summon Guardian Golem    Hex/Summ       0%         N/A       100%        3
 Teleport Other           Tloc           0%         N/A       100%        3
 Ice Form                 Ice/Tmut       0%         N/A       100%        4
 Olgreb's Toxic Radiance  Pois           0%         N/A       100%        4
 Summon Ice Beast         Ice/Summ       0%         N/A       100%        4
 Iskenderun's Battlesphe  Conj           0%         2d6       100%        5
 Iron Shot                Conj/Erth      0%         9d1       100%        6
 Enfeeble                 Hex            0%         N/A       100%        7
 Ozocubu's Refrigeration  Ice            0%         4d7       100%        7
 Spellforged Servitor     Conj/Summ      0%         N/A       100%        7
 Maxwell's Capacitive Co  Air            0%         ∞         100%        8
 Necromutation            Tmut/Necr      0%         N/A       100%        8


Dungeon Overview and Level Annotations

Branches:
Dungeon (12/15)            Temple (0/1) D:4            Lair (5/5) D:9
  Swamp (0/4) Lair:3        Snake (1/4) Lair:3        Slime (0/5) Lair:4
    Orc (2/2) D:11            Elf (0/3) Orc:2

Altars:
Dithmenos
Elyvilon
Fedhas
Hepliaklqana
Makhleb
Nemelex Xobeh
Okawaru
Qazlal
Ru
Uskayaw
Vehumet
Yredelemnul
Zin
The Shining One
Jiyva

Shops:
Orc:2 :[==

Annotations:
Lair:4 3 runed translucent doors, Ynkajoad's ghost, journeyman DrEE


Innate Abilities, Weirdness & Mutations

You cannot be hasted, slowed, berserked, paralysed or teleported.
You can dig through walls and to a lower floor.
You have a pair of large antennae on your head. (SInv)
Your four strong arms can wield two-handed weapons with a shield.


Message History

The guardian serpent coils itself and waves its upper body at you.
You block the salamander's attack. You block the naga's attack.
The naga closely misses you. The naga constricts you.
* * * LOW HITPOINT WARNING * * *
You block the guardian serpent's attack.
The salamander misses you.
You shoot a bolt. The bolt hits the guardian serpent!!
The guardian serpent is almost dead.
You feel sick.
The naga no longer looks unusually strong.
The guardian serpent coils itself and waves its upper body at you.
The naga hits you with a +0 dire flail.
* * * LOW HITPOINT WARNING * * *
The naga hits you with a +0 hand axe!! Elyvilon protects you from harm!
The naga constricts you. You block the salamander's attack.
The guardian serpent barely misses you. The naga spits poison at you.
The splash of poison hits you but does no damage.
You are more poisoned.
You shoot a bolt. The bolt hits the guardian serpent!!
You kill the guardian serpent!
You feel sick.
The salamander no longer looks unusually strong.
The naga spits poison at you. You block the splash of poison.
The naga constricts you.
* * * LOW HITPOINT WARNING * * *
The naga warrior roars a battlecry!
The nagas go into a battle-frenzy!
The salamander closely misses you. You block the naga's attack.
You block the shock serpent's attack. The naga misses you.
The naga constricts you.
You shoot a bolt. The bolt hits the naga!!
You kill the naga!
You feel very sick.
The naga no longer looks unusually strong.
You block the salamander's attack. The shock serpent bites you!
Elyvilon protects you from harm! The shock serpent shocks you!
You die... ............# ........... ......... ....... ..... .NN

#S# ######@######
#######....N)N....#
#....##.........."#
#....''...........#
#....##...........#
#....##........####
#....##........#
#....##........#
#.).)##........#


You could see a naga warrior, a salamander (strong, unable to see you), a shock
serpent (unable to see you) and 2 nagas.

Vanquished Creatures
  Louise (Snake:1)
  A dire elephant (Lair:5)
  4 hydras
  A centaur warrior (D:12)
  A catoblepas (Lair:5)
  2 ogre magi
  An anaconda (Snake:1)
  A merfolk avatar (Lair:5)
  The ghost of vineage the Fighter, a journeyman GrFi of Okawaru (D:10)
  9 two-headed ogres
  4 death yaks
  A skyshark (Lair:5)
  A sea snake (Lair:5)
  2 bog bodies (Lair:3)
  2 ugly things (D:12)
  A deep elf pyromancer (D:12)
  2 harpies (Lair:5)
  4 orc knights
  An oklob plant (Lair:3)
  2 manticores
  A salamander (Snake:1)
  A cyclops (D:12)
  An orc sorcerer (Orc:1)
  9 elephants
  A guardian serpent (Snake:1)
  8 black mambas
  A gargoyle (D:12)
  An eye of devastation (Lair:4)
  12 cane toads
  3 rime drakes (Lair:5)
  2 kobold demonologists (D:9)
  5 komodo dragons
  6 trolls
  3 polar bears
  5 hornets
  15 blink frogs
  A snapping turtle (Lair:5)
  2 shadows
  34 yaks
  4 wraiths
  7 wyverns
  A basilisk (Lair:1)
  6 steam dragons
  5 vampire mosquitoes
  4 nagas (Snake:1)
  A swamp worm (Lair:3)
  A warg (Orc:1)
  7 acid dragons
  18 water moccasins
  A floating eye (Lair:4)
  34 orc warriors
  The ghost of Heskey1 the Trooper, an amateur NaFi (D:3)
  2 sky beasts (D:7)
  2 black bears
  2 ice beasts
  13 ogres
  25 centaurs
  21 wolves
  2 phantoms
  2 kobold brigands
  13 bullfrogs
  3 gnoll sergeants
  5 scorpions
  9 wights
  7 killer bees
  2 electric eels (Lair:3)
  6 howler monkeys
  2 hounds
  12 orc priests
  A sleepcap (D:5)
  Crazy Yiuf (D:3)
  13 orc wizards
  4 hell rats (Lair:5)
  A scorpion simulacrum (D:3)
  Robin (D:3)
  10 gnolls
  11 adders
  2 white imps
  A howler monkey simulacrum (D:3)
  A dart slug (D:4)
  An adder simulacrum (D:3)
  77 orcs
  5 endoplasms
  4 giant cockroaches
  15 goblins
  4 hobgoblins
  8 jackals
  10 kobolds
  5 quokkas
  5 ball pythons
  6 bats
  A frilled lizard (D:2)
  A jackal simulacrum (D:3)
  2 quokka simulacra (D:3)
  8 rats
569 creatures vanquished.

Vanquished Creatures (others)
  A manticore (Lair:5)
  5 elephants (Lair:5)
  A rime drake (Lair:5)
  A blink frog (Lair:5)
  A water moccasin (Lair:5)
  29 fungi
  51 plants
89 creatures vanquished.

Grand Total: 658 creatures vanquished

Notes
Turn   | Place    | Note
-------+----------+-------------------------------------------
     0 | D:1      | HoaS the Formicid Hunter began the quest for the Orb.
     0 | D:1      | Reached XP level 1. HP: 16/16 MP: 1/1
   197 | D:1      | Reached XP level 2. HP: 22/22 MP: 2/2
   446 | D:1      | Reached XP level 3. HP: 27/27 MP: 3/3
   871 | D:1      | Found a faded altar of an unknown god.
  1155 | D:2      | Reached skill level 5 in Ranged Weapons
  1382 | D:2      | Reached XP level 4. HP: 30/33 MP: 4/4
  1480 | D:2      | Found a white marble altar of Elyvilon.
  1986 | D:2      | Became a worshipper of Elyvilon the Healer
  2025 | D:3      | Noticed Heskey1's ghost (amateur NaFi)
  2051 | D:3      | Found a runed translucent gate.
  2051 | D:3      | Found a runed translucent gate.
  2051 | D:3      | Found a runed translucent gate.
  2076 | D:3      | Noticed Robin
  2107 | D:3      | Killed Robin
  2108 | D:3      | Reached XP level 5. HP: 36/38 MP: 5/5
  2255 | D:3      | Reached skill level 6 in Ranged Weapons
  2255 | D:3      | Reached skill level 1 in Invocations
  2268 | D:3      | Noticed an ice beast
  2281 | D:3      | Killed an ice beast
  2282 | D:3      | Reached XP level 6. HP: 26/44 MP: 5/7
  2472 | D:3      | Found a runed translucent door.
  2473 | D:3      | Noticed Crazy Yiuf
  2831 | D:3      | Killed Heskey1's ghost
  2835 | D:3      | Reached skill level 7 in Ranged Weapons
  3016 | D:3      | Killed Crazy Yiuf
  3080 | D:3      | Identified a scroll of acquirement
  3080 | D:3      | Acquired 591 gold pieces
  3181 | D:4      | Reached XP level 7. HP: 46/50 MP: 9/9
  3198 | D:4      | Reached * piety under Elyvilon
  3198 | D:4      | Found a glowing silver altar of Zin.
  3299 | D:4      | Got the Almanac of Fluctuating Electrocution
  3315 | D:4      | Found a staircase to the Ecumenical Temple.
  3509 | D:4      | Found a shadowy altar of Dithmenos.
  4036 | D:5      | Entered Level 5 of the Dungeon
  4121 | D:5      | Reached skill level 8 in Ranged Weapons
  4259 | D:5      | Reached ** piety under Elyvilon
  4618 | D:5      | Reached XP level 8. HP: 20/56 MP: 11/11
  5153 | D:5      | Reached skill level 9 in Ranged Weapons
  5278 | D:6      | Reached *** piety under Elyvilon
  5295 | D:6      | Reached skill level 5 in Invocations
  5448 | D:6      | Reached skill level 10 in Ranged Weapons
  5517 | D:6      | Reached XP level 9. HP: 36/60 MP: 12/12
  5907 | D:6      | Reached skill level 11 in Ranged Weapons
  6070 | D:7      | Reached **** piety under Elyvilon
  6889 | D:8      | Reached ***** piety under Elyvilon
  6986 | D:8      | Reached skill level 12 in Ranged Weapons
  7030 | D:8      | Reached XP level 10. HP: 25/67 MP: 4/13
  7238 | D:8      | Reached skill level 13 in Ranged Weapons
  7471 | D:8      | Found an iron altar of Okawaru.
  7921 | D:8      | Reached skill level 14 in Ranged Weapons
  8052 | D:8      | Acquired 672 gold pieces
  8115 | D:8      | Found a glowing golden altar of the Shining One.
  8558 | D:9      | Noticed a kobold demonologist
  8581 | D:9      | Killed a kobold demonologist
  8596 | D:9      | You fall into a shaft and drop 1 floor!
  8596 | D:10     | Entered Level 10 of the Dungeon
  8862 | D:9      | Found a staircase to the Lair.
  9298 | D:9      | Reached skill level 15 in Ranged Weapons
  9304 | D:9      | You fall into a shaft and drop 1 floor!
  9531 | D:10     | Reached XP level 11. HP: 39/72 MP: 9/14
 10621 | D:9      | Reached skill level 16 in Ranged Weapons
 10990 | D:9      | Noticed a two-headed ogre
 10998 | D:9      | Killed a two-headed ogre
 11080 | D:9      | Noticed a two-headed ogre
 11090 | D:9      | Killed a two-headed ogre
 11091 | D:9      | Reached skill level 17 in Ranged Weapons
 11676 | D:10     | Found a runed translucent gate.
 11676 | D:10     | Found a runed translucent gate.
 11676 | D:10     | Found a runed translucent gate.
 11677 | D:10     | Noticed vineage's ghost (journeyman GrFi)
 11953 | D:10     | Found a blossoming altar of Fedhas.
 11953 | D:10     | Found a burning altar of Makhleb.
 11954 | D:10     | Found a hide-covered altar of Uskayaw.
 11954 | D:10     | Found a basalt altar of Yredelemnul.
 11954 | D:10     | Found a sparkling altar of Nemelex Xobeh.
 11954 | D:10     | Found a sacrificial altar of Ru.
 11956 | D:10     | Found a stormy altar of Qazlal.
 11956 | D:10     | Found a hazy altar of Hepliaklqana.
 11956 | D:10     | Found a radiant altar of Vehumet.
 12175 | Lair:1   | Entered Level 1 of the Lair of Beasts
 12266 | Lair:1   | Reached XP level 12. HP: 78/78 MP: 15/15
 12491 | Lair:1   | Reached skill level 18 in Ranged Weapons
 13437 | Lair:2   | Reached skill level 5 in Fighting
 13493 | Lair:2   | Reached ****** piety under Elyvilon
 13532 | Lair:2   | HP: 4/86 [poisoned by a cane toad]
 13537 | Lair:2   | HP: 4/86 [poisoned by a cane toad]
 13889 | Lair:2   | Reached skill level 5 in Dodging
 13952 | Lair:2   | Noticed a four-headed hydra
 13976 | Lair:2   | Killed a four-headed hydra
 14034 | Lair:2   | Reached XP level 13. HP: 70/95 MP: 18/18
 14482 | Lair:3   | Noticed a four-headed hydra
 14487 | Lair:3   | Killed a four-headed hydra
 14529 | Lair:2   | Reached skill level 1 in Armour
 15062 | Lair:3   | Found a staircase to the Snake Pit.
 15657 | Lair:3   | Identified the +1 scale mail of Soit {Harm rElec Stlth+}
 15780 | Lair:3   | Found a staircase to the Swamp.
 16668 | Lair:4   | Found a viscous altar of Jiyva.
 16669 | Lair:4   | Found a staircase to the Slime Pits.
 16734 | Lair:4   | Found a runed translucent gate.
 16734 | Lair:4   | Found a runed translucent gate.
 16734 | Lair:4   | Found a runed translucent gate.
 16736 | Lair:4   | Noticed a rockslime
 16736 | Lair:4   | Noticed an azure jelly
 16736 | Lair:4   | Noticed an acid blob
 16737 | Lair:4   | Noticed an azure jelly
 16864 | Lair:4   | Noticed an azure jelly
 16865 | Lair:4   | Noticed an azure jelly
 16866 | Lair:4   | Noticed an acid blob
 16866 | Lair:4   | Noticed Ynkajoad's ghost (journeyman DrEE)
 16866 | Lair:4   | Noticed an acid blob
 16866 | Lair:4   | Noticed an azure jelly
 16867 | Lair:4   | Noticed an azure jelly
 16883 | Lair:4   | Found a viscous altar of Jiyva.
 16967 | Lair:5   | Entered Level 5 of the Lair of Beasts
 17040 | Lair:5   | Noticed a five-headed hydra
 17041 | Lair:5   | Reached XP level 14. HP: 108/108 MP: 20/20
 17208 | Lair:5   | Noticed a dire elephant
 17245 | Lair:5   | HP: 5/109 [dire elephant (8)]
 17247 | Lair:5   | Elyvilon protects you from harm!
 17248 | Lair:5   | HP: 1/109 [dire elephant (11)]
 17252 | Lair:5   | Killed a dire elephant
 17426 | Lair:5   | Reached skill level 5 in Armour
 17434 | Lair:5   | Reached skill level 10 in Fighting
 18087 | Lair:5   | Identified the +1 flail of Jiucroju {heavy, Dex+3}
 18440 | Lair:5   | Got Sif Muna's Vademecum on Horrible Anathema
 18677 | D:10     | Killed vineage's ghost
 19181 | D:11     | Found a staircase to the Orcish Mines.
 20041 | Orc:1    | Entered Level 1 of the Orcish Mines
 20242 | Orc:2    | Entered Level 2 of the Orcish Mines
 20279 | Orc:1    | Reached skill level 10 in Invocations
 20306 | Orc:1    | Reached skill level 10 in Dodging
 20598 | Orc:1    | Reached XP level 15. HP: 103/120 MP: 22/22
 20823 | Orc:2    | Found a staircase to the Elven Halls.
 21046 | Orc:2    | Found Mimel's Jewellery Shoppe.
 21046 | Orc:2    | Found Okhloxt's Antique Armour Shop.
 21048 | Orc:2    | Found Xaegg's Book Boutique.
 21050 | Orc:2    | Found Lulad's Jewellery Emporium.
 21128 | Orc:2    | Bought a pair of embroidered gloves for 240 gold pieces
 22812 | Snake:1  | Entered Level 1 of the Snake Pit
 23131 | Snake:1  | Noticed Louise
 23142 | Snake:1  | Killed Louise
 23183 | Snake:1  | Elyvilon protects you from harm!
 23185 | Snake:1  | Elyvilon protects you from harm!
 23185 | Snake:1  | Mangled by a shock serpent

Illustrated notes

Levels and vault maps discovered:
D:1:      sevenhm_arrival_forest_fort_large_3, layout_basic,
          hellmonk_ecumenical_altar_inner_sanctum
D:2:      layout_basic, basic_altar
D:3:      layout_rooms, gammafunk_ghost_icy, chequers_serial_rivers_micro_d,
          uniq_crazy_yiuf_cottage, uniq_robin
D:4:      layout_loops_cross, mainiacjoe_overflow_24_doors, zin_academy,
          minmay_temple_entry_proselytizer, serial_glass, glass_columns_a,
          glass_columns_a, item_on_display_a, due_unseen_surprise,
          nicolae_elevator_lobby_asterisk
D:5:      layout_basic
D:6:      layout_cave_pools
D:7:      layout_gridville
D:8:      layout_loops_ring, nicolae_tso_swordbearing_angel,
          mainiacjoe_overflow_alcove_1, columned_hall_lemuel
D:9:      layout_basic, lair_entry_dummy, onia_ninara_cookie
D:10:     layout_basic, nicolae_overflows_in_rows, ebering_ghost_rock_garden
D:11:     minmay_weird_star, layout_irregular_city, david_orc_2
D:12:     layout_basic, minmay_fractal_squares_gapless_5
Lair:1:   layout_regular_city, grunt_megastairs_3
Lair:2:   layout_hall_layers, st_stairs_9, pdpol_lair_neglected_garden
Lair:3:   layout_regular_city, nicolae_swamp_entry_splash_gauntlet,
          minmay_snake_entry_six_corridors, minmay_lair_oklob_items,
          serial_bayou_lagoon_a, grunt_forest_small_clearings
Lair:4:   layout_loops_ring, minmay_slime_entry_eyes, gammafunk_ghost_ooze,
          infiniplex_staircase_pool_2
Lair:5:   gammafunk_lair_ancient_temple, layout_regular_city
Snake:1:  layout_basic, serial_shops, nicolae_lakefront_shop, st_stairs_14,
          uniq_louise
Orc:1:    layout_caves, nicolae_orc_lost_temple
Orc:2:    st_orc_rangers, layout_caves

Skill      XL: |  1  2  3  4  5  6  7  8  9 10 11 12 13 14 15 |
---------------+----------------------------------------------+-----
Ranged Weapons | 5 6 7 8 10 12 15 17 18 | 18.0
Invocations    | 2 3 4 5 6 8 10 11 | 11.5
Dodging        | 5 7 10 11 | 11.7
Fighting       | 6 9 11 12 | 12.7
Armour         | 4 5 |  5.0
Stealth        | |  1.2
Shields        | |  0.8

Action                     |  1- 3 |  4- 6 |  7- 9 | 10-12 | 13-15 || total
---------------------------+-------+-------+-------+-------+-------++-------
  Melee: Unarmed           |       |       |     3 |       |       ||     3
   Fire: Shortbow          |    66 |   139 |   400 |   272 |       ||   877
         Arbalest          |       |       |       |   379 |  1132 ||  1511
 Invoke: Heal Self         |       |       |     2 |     4 |     9 ||    15
         Heal Other        |       |       |       |       |     1 ||     1
         Divine Vigour     |       |       |       |       |     3 ||     3
Ability: Dig               |     1 |       |     4 |       |       ||     5
         Shaft Self        |       |       |       |     2 |       ||     2
    Use: Scroll            |     5 |     4 |     9 |     7 |     8 ||    33
         Potion            |       |       |     1 |     2 |     3 ||     6
 Armour: Leather armour    |    10 |    32 |    14 |       |       ||    56
         Ring mail         |       |       |    88 |   183 |   205 ||   476
         Steam dragon scal |       |       |       |       |   172 ||   172
  Dodge: Dodged            |    22 |    46 |   166 |   250 |  1245 ||  1729
  Block: Tower shield      |       |       |       |       |    28 ||    28

Table legend: (Time is in decaauts)
 A = Elapsed time spent in this place.
 B = Non-inter-level travel time spent in this place.
 C = Inter-level travel time spent in this place.
 D = Time resting spent in this place.
 E = Time spent auto-exploring this place.
 F = Levels seen in this place.
 G = Mean time per level.
                   A        B        C        D        E       F      G
               +--------+--------+--------+--------+--------+-----+--------+
         Total |  23430 |  22031 |   1399 |   5905 |  11601 |  20 | 1171.5 |
       Dungeon |  14416 |  13750 |    666 |   3805 |   7459 |  12 | 1201.3 |
          Lair |   6872 |   6239 |    633 |   1506 |   3281 |   5 | 1374.4 |
     Snake Pit |    376 |    376 |      0 |     15 |    288 |   1 |  376.0 |
  Orcish Mines |   1765 |   1667 |     98 |    579 |    573 |   2 |  882.5 |
               +--------+--------+--------+--------+--------+-----+--------+

Top non-repeatable levels by time:
     D:9: 2218 daAuts
    D:10: 1841 daAuts
     D:8: 1618 daAuts
  Lair:3: 1611 daAuts
  Lair:5: 1559 daAuts
  Lair:2: 1447 daAuts
  Lair:1: 1257 daAuts
     D:3: 1155 daAuts
     D:5: 1113 daAuts
     D:1: 1091 daAuts
    D:11: 998 daAuts
  Lair:4: 997 daAuts
     D:2: 934 daAuts
     D:4: 913 daAuts
   Orc:1: 889 daAuts
